Map: Orbital Shipyard

Players

Doozer - Winner!

  • Race: Zerg Zerg
  • League: Platinum

Javert

  • Race: Zerg Zerg
  • League: Platinum

VOD

Have the link to the VOD?

Description

Time

  • Played on: Aug. 16, 2015, 8:07 p.m.
  • Length: 13:58
Show
View Real Time Build Order
Export as new Build Order

Doozer Zerg - Winner!

Build Orders: Pool First 

Get SALT Encoding   

  12  0:01  Drone  
  13  0:12  Drone  
  14  0:19  Overlord  
  14  0:27  Extractor  
  13  0:29  Extractor  
  13  0:30  Drone x2  
  16  0:38  Drone  
  17  0:48  Drone  
  18  1:05  Spawning Pool  
  18  1:07  Extractor  
  16  1:16  Hatchery  
  15  1:20  Drone  
  15  1:22  Drone  
  17  1:27  Drone  
  18  1:34  Overlord  
  18  1:53  Spine Crawler, Zergling x2  
  19  1:54  Zergling x2  
  19  2:00  Queen  
  21  2:06  Zergling x2  
  22  2:11  Metabolic Boost  
  22  2:20  Zergling x2  
  23  2:28  Queen  
  25  2:39  Drone  
  25  2:42  Drone  
  25  2:43  Baneling Nest, Drone  
  27  2:47  Drone  
  27  2:50  Drone  
  29  3:01  Drone  
  29  3:02  Drone x2  
  32  3:08  Overlord  
  32  3:23  Spine Crawler  
  32  3:24  Spine Crawler, Zergling x4  
  32  3:31  Zergling x6  
  35  3:39  Zergling x6  
  38  3:45  Zergling x4  
  40  3:49  Baneling x2  
  37  4:07  Spore Crawler  
  36  4:10  Spore Crawler  
  32  4:18  Zergling x2  
  32  4:19  Zergling x18  
  36  4:32  Zergling x8  
  39  4:52  Drone  
  38  4:53  Drone x2, Queen  
  42  5:03  Drone x2  
  42  5:06  Overlord x3  
  37  5:37  Baneling x2  
  35  5:47  Drone  
  35  5:48  Drone x10  
  44  5:52  Extractor x2  
  44  5:54  Extractor  
  37  6:03  Roach Warren  
  36  6:06  Evolution Chamber  
  36  6:08  Drone  
  36  6:24  Drone  
  36  6:25  Drone x11  
  48  6:34  Zerg Missile Weapons Level 1  
  48  6:44  Overlord  
  48  6:45  Overlord x2  
  48  6:48  Lair  
  48  7:06  Pneumatized Carapace  
  48  7:16  Roach  
  48  7:17  Roach x8  
  66  7:27  Hatchery  
  65  7:35  Drone  
  65  7:36  Drone  
  67  7:42  Roach  
  67  7:43  Roach x8  
  85  7:48  Hydralisk Den  
  84  7:57  Overseer  
  84  8:01  Glial Reconstitution  
  84  8:14  Drone  
  84  8:15  Drone x6  
  84  8:16  Overlord x2  
  84  8:17  Overlord x2  
  91  8:23  Muscular Augments  
  91  8:33  Zerg Missile Weapons Level 2  
  91  8:37  Drone  
  91  8:38  Drone x6  
  91  8:40  Extractor  
  97  8:43  Extractor  
  96  8:59  Drone  
  96  9:00  Queen  
  99  9:06  Drone  
  99  9:07  Drone x6  
  99  9:08  Drone x2  
  99  9:09  Overlord  
  108  9:23  Hydralisk x5  
  118  9:25  Hydralisk  
  120  9:41  Hydralisk  
  120  9:42  Hydralisk x2  
  126  9:55  Hatchery  
  125  10:02  Hydralisk  
  125  10:03  Hydralisk  
  125  10:05  Overlord x2  
  125  10:06  Overlord x6  
  129  10:35  Roach x15, Extractor  
  158  10:36  Roach x2  
  158  10:37  Extractor  
  161  10:45  Overseer  
  161  10:49  Zerg Ground Armor Level 1  
  161  10:58  Drone x2  
  161  10:59  Drone  
  161  11:00  Drone x3  
  161  11:01  Drone x5  
  172  11:08  Roach  
  172  11:09  Roach x8  
  190  11:16  Overlord  
  190  11:34  Queen  
  190  11:36  Infestation Pit  
  165  12:20  Roach  
  165  12:21  Roach x15  
  165  12:22  Roach x3  
  145  12:33  Roach x4  
  145  12:34  Roach x11  
  171  12:39  Hive  
  171  12:42  Hydralisk  
  171  12:43  Hydralisk x3  
  151  13:09  Hydralisk x5, Roach x3  
  151  13:10  Hydralisk, Roach x5  
  163  13:20  Zergling x14  
  163  13:21  Zergling x10  
  175  13:36  Roach  
  175  13:37  Roach x2  
Show
View Real Time Build Order
Export as new Build Order

Javert Zerg 

Build Orders: Pool First, Lurkers 

Get SALT Encoding   

  12  0:01  Drone  
  13  0:09  Drone  
  14  0:18  Extractor  
  13  0:22  Drone, Extractor  
  13  0:23  Drone  
  15  0:38  Spawning Pool  
  14  0:45  Overlord  
  14  0:50  Extractor  
  14  0:52  Drone  
  15  1:07  Drone x3  
  18  1:25  Roach Warren  
  18  1:30  Queen  
  19  1:36  Overlord  
  19  1:52  Overlord  
  19  2:06  Burrow  
  19  2:07  Roach x2  
  23  2:13  Roach  
  27  2:30  Roach  
  27  2:40  Roach x2  
  27  2:41  Roach x2  
  27  2:43  Overlord  
  35  2:52  Roach  
  37  3:10  Roach x2  
  37  3:11  Roach  
  43  3:23  Overlord  
  43  3:27  Roach  
  45  3:40  Hatchery  
  44  3:45  Drone x2  
  46  3:50  Roach x7  
  46  3:58  Roach x6  
  44  4:05  Roach x3  
  44  4:08  Roach  
  44  4:27  Roach x6  
  42  4:32  Drone x3  
  43  4:41  Overlord  
  43  4:52  Roach x3  
  37  4:59  Roach  
  39  5:04  Queen  
  39  5:05  Overlord  
  39  5:06  Roach  
  35  5:32  Drone x4  
  35  5:33  Drone x2  
  35  5:35  Drone x6  
  38  5:41  Drone x3  
  37  5:47  Drone x10  
  32  6:01  Queen  
  34  6:07  Drone x3  
  37  6:18  Drone x2  
  37  6:19  Drone x2  
  41  6:25  Drone x2  
  41  6:26  Drone  
  41  6:30  Drone  
  41  6:31  Drone  
  46  6:33  Roach x4  
  46  6:43  Drone x3  
  46  6:46  Lair, Extractor  
  48  6:48  Drone  
  48  6:49  Drone  
  50  6:59  Drone x5  
  55  7:04  Evolution Chamber, Drone  
  55  7:06  Extractor  
  54  7:21  Drone x2  
  54  7:22  Drone x7  
  63  7:23  Drone  
  64  7:30  Zerg Missile Weapons Level 1  
  64  7:34  Drone x2, Extractor  
  65  7:40  Overlord  
  65  7:46  Overseer  
  65  7:47  Evolution Chamber  
  65  7:49  Hydralisk Den  
  63  7:53  Roach x3  
  69  8:00  Ravager x2  
  69  8:01  Ravager  
  69  8:04  Queen  
  74  8:16  Overlord  
  74  8:28  Ravager  
  74  8:30  Hatchery  
  74  8:31  Drone x3  
  77  8:34  Roach x3  
  77  8:35  Roach x3  
  89  8:48  Lurker Den, Zerg Ground Armor Level 1  
  89  8:53  Roach  
  91  8:55  Overlord x2  
  91  8:56  Overlord  
  91  9:06  Overlord x3  
  91  9:14  Overseer x2  
  91  9:17  Drone, Extractor  
  91  9:18  Drone x7  
  91  9:21  Glial Reconstitution  
  91  9:22  Extractor  
  97  9:39  Zerg Missile Weapons Level 2  
  97  9:41  Roach x2  
  101  9:47  Drone x4  
  101  9:48  Drone  
  101  9:50  Hydralisk  
  108  10:06  Roach x10  
  128  10:14  Hydralisk  
  128  10:15  Hydralisk  
  132  10:31  Hydralisk  
  132  10:32  Hydralisk x6  
  146  10:45  Overlord x2  
  146  10:47  Zerg Ground Armor Level 2  
  146  11:12  Overlord x3  
  146  11:13  Overlord  
  146  11:15  Hatchery, Extractor  
  146  11:16  Hydralisk x2  
  146  11:17  Hydralisk x3, Extractor  
  154  11:26  Overlord  
  154  11:27  Overlord x3  
  154  11:29  Overlord x2  
  154  11:31  Overlord x2  
  154  11:33  Lurker x4  
  154  11:34  Lurker  
  159  11:55  Hatchery  
  124  12:29  Roach x7  
  140  12:30  Roach x8  
  144  12:46  Roach  
  144  12:47  Roach x6  
  134  13:05  Hydralisk  
  134  13:06  Hydralisk x3  
  134  13:09  Extractor  
  134  13:10  Hatchery  
  122  13:13  Extractor  
  122  13:16  Hydralisk  
  122  13:17  Hydralisk x5  
  127  13:21  Hatchery  
  123  13:33  Hydralisk x4  
  123  13:34  Hydralisk x2  
  125  13:37  Lurker x2  
Tags
 
Add a new tag
Caveats
  • Supply blocks, unpowered buildings, or Contaminate may cause inaccurate times.
  • Supply counts are checked every 10 seconds.